 Dungeon Crawl Stone Soup version 0.28-a0-1493-g08698888e4 (webtiles) character file.

Game seed: 1126247689458033985

3766 vineage the Fighter (level 9, -22/94 HPs)
             Began as a Minotaur Gladiator on Jan 12, 2022.
             Was a Believer of Okawaru.
             Annihilated by a hell knight (25 damage)
             ... on level 1 of the Abyss.
             The game lasted 00:09:13 (7974 turns).

vineage the Fighter (Minotaur Gladiator)            Turns: 7974, Time: 00:09:14

Health: -22/94     AC: 14    Str: 20    XL:     9   Next: 94%
Magic:  6/6        EV:  6    Int: 11    God:    Okawaru [**....]
Gold:   404        SH: 13    Dex: 15    Spells: 8/8 levels left

rFire   . . .      SeeInvis .   l - +7 Throatcutter {drain, coup de grace}
rCold   + . .      Faith    .   s - +0 kite shield
rNeg    + . .      Spirit   .   n - +3 chain mail {rN+}
rPois   .          Reflect  +   c - +1 hat
rElec   .          Harm     .   j - +0 cloak "Simuuj" {rCorr}
rCorr   +          Rampage  .   A - +0 pair of gloves
Will    .....                   (no boots)
Stlth   ..........              i - amulet of reflection
HPRegen 0.25/turn               m - +6 ring of intelligence
MPRegen 0.10/turn               (no ring)

@: about to teleport
A: horns 2, retaliatory headbutt, hooves 1, cold resistance 1, no potion heal 1,
noise suppression, [low mp 2]
a: Renounce Religion, Heroism


You were on level 1 of the Abyss.
You worshipped Okawaru.
Okawaru was pleased with you.
You visited 2 branches of the dungeon, and saw 9 of its levels.
You visited the Abyss 1 time.
You also visited: Bailey.

You collected 404 gold pieces.

Inventory:

Hand Weapons
 l - the +7 Throatcutter (weapon) {drain, coup de grace}
   (You took it off Terence on level 3 of the Dungeon)

   A truly terrible weapon, it drains the life of any living foe it strikes.
   It may instantly kill foes which have little health.
Missiles
 d - 3 throwing nets (quivered)
Armour
 b - a +0 leather armour
 c - a +1 hat (worn)
 j - the +0 cloak "Simuuj" (worn) {rCorr}
   (You found it on level 2 of the Dungeon)

   rCorr:     It protects you from acid and corrosion.
 n - a +3 chain mail of positive energy (worn)
 r - a scarf of repulsion
 s - a +0 kite shield (worn)
 A - a +0 pair of gloves (worn)
Jewellery
 i - an amulet of reflection (around neck)
 m - a +6 ring of intelligence (left hand)
 y - a ring of resist corrosion
 B - a +4 ring of evasion
 D - a ring of ice
 E - a +6 ring of strength
 F - a ring of fire
 G - a ring of fire
 H - a ring of protection from cold
Wands
 a - a wand of iceblast (15)
 q - a wand of mindburst (11)
 t - a wand of flame (24)
Scrolls
 f - 2 scrolls of blinking
 g - 2 scrolls of fear
 k - 2 scrolls of vulnerability
 v - a scroll of enchant weapon
 w - 3 scrolls of teleportation
 x - 3 scrolls of enchant armour
 C - a scroll of identify
Potions
 e - 2 potions of brilliance
 h - 4 potions of curing
 o - 2 potions of might
 p - a potion of attraction
 u - a potion of resistance
 z - a potion of flight {unknown}


   Skills:
 - Level 13.9 Fighting
 - Level 9.1 Long Blades
 - Level 4.6 Maces & Flails
 - Level 2.0 Throwing
 + Level 1.3 Armour
 - Level 3.2 Dodging
 + Level 1.3 Shields


You had 8 spell levels left.
You didn't know any spells.
Your spell library contained the following spells:

 Spells                   Type           Power      Damage    Failure   Level
 Sting                    Tmut/Pois      0%         1d3       100%        1
 Poisonous Vapours        Pois/Air       0%         N/A       100%        2
 Portal Projectile        Hex/Tloc       0%         N/A       100%        3
 Leda's Liquefaction      Hex/Erth       0%         N/A       100%        4
 Olgreb's Toxic Radiance  Pois           0%         N/A       100%        4
 Summon Small Mammal      Summ           Unusable   N/A       N/A         1
 Call Canine Familiar     Summ           Unusable   N/A       N/A         3
 Summon Guardian Golem    Hex/Summ       Unusable   N/A       N/A         3

Dungeon Overview and Level Annotations

Branches:
Dungeon (8/15)             Temple (1/1) D:6          Bailey (visited)
   Lair: D:8-11

Altars:
Ashenzari
Cheibriados
Dithmenos
Fedhas
Gozag
Hepliaklqana
Kikubaaqudgha
Makhleb
Okawaru
Qazlal
Ru
Sif Muna
Trog
Uskayaw
Vehumet
Xom
Yredelemnul
Zin
The Shining One

Shops:
D:8 (


Innate Abilities, Weirdness & Mutations

You have a pair of horns on your head.
You reflexively headbutt those who attack you in melee.
You have large cloven feet.
Your flesh is cold resistant. (rC+)
Potions are less effective at restoring your health.
You passively dampen the noise of your surroundings.
[Your magical capacity is very low. (-20% MP)]


Message History

The small abomination hits you but does no damage.
The smoke demon roars!
The small abomination hits you!
A small abomination comes into view.
A small abomination comes into view.
The small abomination hits you but does no damage.
You block the small abomination's attack.
A hell knight comes into view.
It is wielding a +4 scimitar of flaming.
The hell knight shouts!
The small abomination hits you but does no damage.
The hell knight hits you with a +4 scimitar of flaming!!
The hell knight burns you.
The hell knight hits you with a +4 scimitar of flaming!
The hell knight burns you.
The hell knight casts a spell.
The hell knight seems to speed up.
The hell knight hits you with a +4 scimitar of flaming!
The hell knight burns you. You block the hell knight's attack.
As you read the scroll of teleportation, it crumbles to dust.
You feel strangely unstable.
You feel the power of the Abyss delaying your translocation!
The hell knight hits you with a +4 scimitar of flaming.
The hell knight burns you. The smoke demon gestures at you.
The ball of steam hits the hell knight.
The hell knight resists.
The ball of steam hits you.
* * * LOW HITPOINT WARNING * * *
The hell knight points at you and mumbles some strange words.
The bolt of fire hits you!!
* * * LOW HITPOINT WARNING * * *
The small abomination is engulfed in a cloud of scalding steam.
The hell knight hits you with a +4 scimitar of flaming.
* * * LOW HITPOINT WARNING * * *
The hell knight burns you.
* * * LOW HITPOINT WARNING * * *
You block the small abomination's attack.
The small abomination is engulfed in a cloud of scalding steam.
The hell knight hits you with a +4 scimitar of flaming!!
You die...

## ## .. .# #.##. #.
... .... .# ...##...
## ###. .....####
#.####..##
#.....§##..# #.## .. #
#.#§§####....##.# #
#.#..§x§x 3.###.#. #.
#..@p#..*#.#..#.x .
#....#.#.......###..#.
..#..
#..#.#.#.#.....9.. #.
.#...#....##.# ##.. ..
#.##...#...#...#.#..
.# ##.#§####.#..#..# #
#. ## ..#..# . ##§.#
.#.


You could see a hell knight (fast) and 2 small abominations.

Vanquished Creatures
  The ghost of Hasart the Sneak, a novice KoEn of Hepliaklqana (D:6)
  Sigmund (D:6)
  Edmund (D:4)
  An acid dragon (D:7)
  4 orc warriors
  A sky beast (D:7)
  3 ice beasts
  A necrophage (D:7)
  7 ogres
  A phantom (D:5)
  A kobold brigand (D:7)
  2 bullfrogs
  A scorpion (D:5)
  2 water moccasin skeletons
  3 wights (D:4)
  2 howler monkeys
  2 centaur zombies
  2 jellies (D:5)
  4 hounds
  2 bullfrog skeletons
  A gnoll shaman (D:5)
  A centaur skeleton (D:6)
  2 orc priests
  Terence (D:3)
  4 iguanas
  3 orc wizards
  A statue (D:6)
  A centaur simulacrum (D:6)
  A hound skeleton (D:4)
  Robin (D:4)
  7 adders
  8 gnolls (D:5)
  A shadow imp (D:5)
  4 white imps (D:6)
  2 ufetubi
  An adder skeleton (D:4)
  2 worms
  19 orcs
  10 ball pythons
  6 bats
  7 endoplasms
  5 giant cockroaches
  17 goblins
  17 hobgoblins
  10 jackals
  11 kobolds
  2 quokkas
  2 frilled lizards
  8 rats
197 creatures vanquished.

Notes
Turn   | Place    | Note
-------+----------+-------------------------------------------
     0 | D:1      | vineage the Minotaur Gladiator began the quest for the Orb.
     0 | D:1      | Reached XP level 1. HP: 18/18 MP: 0/0
   320 | D:1      | Reached skill level 3 in Fighting
   341 | D:1      | Reached XP level 2. HP: 25/26 MP: 1/1
   986 | D:1      | Found a faded altar of an unknown god.
   992 | D:1      | Reached XP level 3. HP: 31/33 MP: 2/2
  1072 | D:1      | Reached skill level 4 in Fighting
  1564 | D:2      | Identified the +0 cloak "Simuuj" {rCorr}
  2089 | D:2      | Reached XP level 4. HP: 41/41 MP: 3/3
  2219 | D:3      | Noticed Terence
  2226 | D:3      | Killed Terence
  2326 | D:3      | Reached skill level 5 in Fighting
  3019 | D:4      | Noticed an ogre
  3024 | D:4      | Killed an ogre
  3025 | D:4      | Reached skill level 6 in Fighting
  3025 | D:4      | Reached skill level 1 in Long Blades
  3025 | D:4      | Reached XP level 5. HP: 50/50 MP: 4/4
  3078 | D:4      | Found a hide-covered altar of Uskayaw.
  3082 | D:4      | Reached XP level 6. HP: 58/58 MP: 5/5
  3089 | D:4      | Reached skill level 7 in Fighting
  3109 | D:4      | Noticed Robin
  3114 | D:4      | Noticed Edmund
  3130 | D:4      | Killed Edmund
  3131 | D:4      | Reached XP level 7. HP: 51/67 MP: 6/6
  3140 | D:4      | Reached skill level 8 in Fighting
  3140 | D:4      | Killed Robin
  3361 | D:4      | Found a bloodstained altar of Trog.
  3576 | D:4      | Reached skill level 9 in Fighting
  3858 | D:5      | Entered Level 5 of the Dungeon
  4088 | D:5      | Reached skill level 5 in Long Blades
  4088 | D:5      | Reached XP level 8. HP: 72/78 MP: 7/7
  4134 | D:5      | Reached skill level 10 in Fighting
  4551 | D:5      | Reached skill level 11 in Fighting
  5342 | D:6      | Noticed Hasart's ghost (novice KoEn)
  5409 | D:6      | Found a runed translucent gate.
  5410 | D:6      | Found a runed translucent gate.
  5411 | D:6      | Found a runed translucent gate.
  5581 | D:6      | Found a staircase to the Ecumenical Temple.
  5589 | Temple   | Entered the Ecumenical Temple
  5644 | Temple   | Became a worshipper of Warmaster Okawaru
  5756 | D:6      | Found a radiant altar of Vehumet.
  5833 | D:6      | Reached XP level 9. HP: 90/90 MP: 8/8
  5844 | D:6      | Noticed Sigmund
  5846 | D:6      | Killed Sigmund
  5847 | D:6      | Reached skill level 12 in Fighting
  6334 | D:6      | Killed Hasart's ghost
  6334 | D:6      | Reached * piety under Okawaru
  6460 | D:7      | Gained mutation: You are frail. (-10% HP) [potion of
                  | mutation]
  6460 | D:7      | Gained mutation: Your flesh is cold resistant. (rC+)
                  | [potion of mutation]
  6460 | D:7      | Gained mutation: You expend magic power (3 MP) to
                  | strengthen your wands. [potion of mutation]
  6461 | D:7      | Lost mutation: You expend magic power (3 MP) to strengthen
                  | your wands. [potion of mutation]
  6461 | D:7      | Lost mutation: You are frail. (-10% HP) [potion of
                  | mutation]
  6461 | D:7      | Lost mutation: Your flesh is cold resistant. (rC+) [potion
                  | of mutation]
  6461 | D:7      | Gained mutation: Your body sometimes deteriorates upon
                  | taking damage. [potion of mutation]
  6461 | D:7      | Gained mutation: You have supernaturally acute eyesight.
                  | (SInv) [potion of mutation]
  6462 | D:7      | Lost mutation: Your body sometimes deteriorates upon taking
                  | damage. [potion of mutation]
  6462 | D:7      | Lost mutation: You have supernaturally acute eyesight.
                  | (SInv) [potion of mutation]
  6462 | D:7      | Gained mutation: Potions are less effective at restoring
                  | your health. [potion of mutation]
  6462 | D:7      | Gained mutation: Your flesh is cold resistant. (rC+)
                  | [potion of mutation]
  6462 | D:7      | Gained mutation: You have large cloven feet. [potion of
                  | mutation]
  6462 | D:7      | Gained mutation: You passively dampen the noise of your
                  | surroundings. [potion of mutation]
  6575 | D:7      | Reached skill level 13 in Fighting
  6690 | D:7      | Found a flagged portal.
  6704 | Bailey   | Entered a bailey
  7892 | D:8      | Found Lupeboroyw's Weapon Shop.
  7896 | D:8      | Reached ** piety under Okawaru
  7901 | D:8      | Reached skill level 1 in Armour
  7901 | D:8      | Reached skill level 1 in Shields
  7903 | D:8      | Cast into level 1 of the Abyss (orc wizard)
  7924 | Abyss:1  | Noticed a toenail golem
  7940 | Abyss:1  | Noticed a wretched star
  7948 | Abyss:1  | Noticed a smoke demon
  7961 | Abyss:1  | Noticed a hell knight
  7972 | Abyss:1  | HP: 3/94 [hell knight (2)]
  7974 | Abyss:1  | Annihilated by a hell knight

Illustrated notes

Levels and vault maps discovered:
D:1:      dpeg_cavernosity, layout_loops_corners,
          hellmonk_ecumenical_altar_dog_temple, minmay_door_square
D:2:      layout_basic
D:3:      layout_loops_ring, dk_vineyard_2, grunt_ministairs_15,
          ebering_dispersal_statue_hall, uniq_terence
D:4:      layout_basic, nicolae_uskayaw_murder_on_the_dancefloor,
          lemuel_round_altar, minmay_close_crescents, uniq_robin, uniq_edmund
D:5:      kennysheep_spiral_hall, layout_loops_corners, minmay_chambers_of_fives
D:6:      layout_cave_pods, vehumet_statue, minmay_temple_entry_mini_moons,
          gammafunk_ghost_icy, serial_park_tiny_2, uniq_sigmund
D:7:      layout_loops_cross, enter_bailey_4
D:8:      layout_loops_ring, kennysheep_little_box,
          mainiacjoe_overflow_concentric_impassable,
          mainiacjoe_overflow_alcove_4, lair_entry_dummy, serial_shops, shop,
          minmay_misc_feat_rugged
Temple:   nicolae_temple_x_marks_the_god
Abyss:1:  base:
D:2

Skill      XL: |  1  2  3  4  5  6  7  8  9 |
---------------+----------------------------+-----
Fighting       | 3 4 6 7 9 11 13 | 13.9
Maces & Flails | 4 |  4.6
Long Blades    | 1 2 3 5 7 9 |  9.1
Armour         | 1 |  1.3
Shields        | 1 |  1.3
Throwing       | |  2.0
Dodging        | |  3.2

Action                   |  1- 3 |  4- 6 |  7- 9 || total
-------------------------+-------+-------+-------++-------
Melee: Flail             |    89 |     9 |       ||    98
       Headbutt          |    21 |     6 |    28 ||    55
       Long sword        |       |    57 |   203 ||   260
       Punch             |       |       |     1 ||     1
       Kick              |       |       |    11 ||    11
  Use: Scroll            |     5 |     2 |    11 ||    18
       Potion            |       |       |     5 ||     5
Armor: Leather armour    |    32 |     3 |       ||    35
       Chain mail        |       |    25 |   108 ||   133
Dodge: Dodged            |    90 |    34 |    59 ||   183
Block: Other             |       |    24 |    18 ||    42
       Reflection        |       |     4 |     7 ||    11
       Kite shield       |       |       |   102 ||   102

Table legend: (Time is in decaauts)
 A = Elapsed time spent in this place.
 B = Non-inter-level travel time spent in this place.
 C = Inter-level travel time spent in this place.
 D = Time resting spent in this place.
 E = Time spent auto-exploring this place.
 F = Levels seen in this place.
 G = Mean time per level.
                   A        B        C        D        E       F      G
               +--------+--------+--------+--------+--------+-----+--------+
         Total |   8054 |   7751 |    303 |    422 |   6187 |  11 |  732.2 |
       Dungeon |   7629 |   7343 |    286 |    422 |   5914 |   8 |  953.6 |
        Temple |     63 |     46 |     17 |      0 |     41 |   1 |   63.0 |
         Abyss |     70 |     70 |      0 |      0 |      0 |   1 |   70.0 |
        Bailey |    290 |    290 |      0 |      0 |    232 |   1 |  290.0 |
               +--------+--------+--------+--------+--------+-----+--------+

Top non-repeatable levels by time:
     D:1: 1454 daAuts
     D:5: 1368 daAuts
     D:6: 1188 daAuts
     D:7: 1158 daAuts
     D:4: 932 daAuts
     D:3: 817 daAuts
     D:2: 698 daAuts
  Bailey: 290 daAuts
 Abyss:1: 70 daAuts
  Temple: 63 daAuts
     D:8: 12 daAuts
